 Dungeon Crawl Stone Soup version 0.21.0 (webtiles) character file.

63 tidbits the Sneak (level 3, -2/14 HPs)
             Began as a Felid Earth Elementalist on Jan 6, 2018.
             Slain by p0werm0de's ghost (7 damage)
             ... on level 5 of the Dungeon.
             The game lasted 00:06:09 (684 turns).

tidbits the Sneak (Felid Earth Elementalist)         Turns: 684, Time: 00:06:10

Health: -2/14      AC:  1    Str:  5    XL:     3   Next: 87%
Magic:  1/7        EV: 23    Int: 16    God:
Gold:   114        SH:  0    Dex: 21    Spells: 3/6 levels left
                                        Lives:  0   Deaths: 1

rFire    . . .     SeeInvis +     - Unarmed
rCold    . . .     Gourm    .   (shield unavailable)
rNeg     . . .     Faith    .   (armour unavailable)
rPois    .         Spirit   .   (helmet unavailable)
rElec    .         Reflect  .   (cloak unavailable)
rCorr    .         Harm     .   (gloves unavailable)
MR       .....                  (boots unavailable)
Stlth    ++++++....             (no amulet)
HPRegen  0.04/turn              e - ring of stealth
MPRegen  0.10/turn              (no ring)

@: agile, quick
A: very small, no armour, no weapons or thrown items, stealth, claws 1, fangs 3,
see invisible, carnivore, speed 1, shaggy fur 1, slow metabolism 1, sharp paws
a: no special abilities


You were on level 5 of the Dungeon.
You were not hungry.

You visited 1 branch of the dungeon, and saw 6 of its levels.

You collected 114 gold pieces.

Inventory:

Missiles
 b - 75 stones
Jewellery
 e - a ring of stealth (left paw)
   (You found it on level 1 of the Dungeon)
Wands
 g - a wand of flame (26)
 h - a wand of digging (15)
Scrolls
 a - 3 scrolls of identify {unknown}
 f - a scroll of remove curse {unknown}
 i - a scroll of noise {unknown}
Books
 d - a book of Geomancy

   Spells                             Type                      Level
   a - Sandblast                      Earth                        1
   b - Passwall                       Transmutation/Earth          2
   c - Stone Arrow                    Conjuration/Earth            3
   d - Petrify                        Transmutation/Earth          4
   e - Lee's Rapid Deconstruction     Earth                        5
Comestibles
 c - 5 rations


   Skills:
 - Level 2.6 Dodging
 + Level 5.4 Stealth
 + Level 3.0 Unarmed Combat
 - Level 2.0 Spellcasting
 - Level 1.1 Transmutations
 - Level 2.6 Earth Magic


You had 3 spell levels left.
You knew the following spells:

 Your Spells              Type           Power        Failure   Level  Hunger
a - Sandblast             Erth           ##....       7%          1    #......
p - Passwall              Tmut/Erth      #.........   14%         2    ###....


Dungeon Overview and Level Annotations

Branches:
Dungeon (6/15)
 Temple: D:4-7

Altars:

Annotations:
D:5 p0werm0de's ghost, amateur HuVM


Innate Abilities, Weirdness & Mutations

You cannot wear armour.
You are incapable of wielding weapons or throwing items.
Your paws allow you to move quietly. (Stealth)
You have sharp claws.
You have razor-sharp teeth.
You have supernaturally acute eyesight. (SInv)
You are carnivorous and can eat meat at any time.
You cover ground quickly.
You are covered in fur. (AC +1)
You have a slow metabolism.
Your sharp claws are effective at attacking unaware monsters.


Message History

Aiming: Sandblast
Press: ? - help, Shift-Dir - straight line, f/p - p0werm0de's ghost
Aim: p0werm0de's ghost (moderately damaged)
The blast of sand hits p0werm0de's ghost.
P0werm0de's ghost is heavily damaged.
b - 82 stones P0werm0de's ghost hits you.
Casting: Sandblast
Confirm with . or Enter, or press ? or * to list all spells.
Aiming: Sandblast
Press: ? - help, Shift-Dir - straight line, f/p - p0werm0de's ghost
Aim: p0werm0de's ghost (moderately damaged)
The blast of sand hits p0werm0de's ghost.
P0werm0de's ghost is heavily damaged.
b - 81 stones P0werm0de's ghost hits you.
* * * LOW HITPOINT WARNING * * *
Casting: Sandblast
Confirm with . or Enter, or press ? or * to list all spells.
Aiming: Sandblast
Press: ? - help, Shift-Dir - straight line, f/p - p0werm0de's ghost
Aim: p0werm0de's ghost (heavily damaged)
The blast of sand hits p0werm0de's ghost.
P0werm0de's ghost is severely damaged.
b - 80 stones P0werm0de's ghost hits you.
* * * LOW HITPOINT WARNING * * *
You feel agile all of a sudden. P0werm0de's ghost misses you.
You aren't carrying any potions.
Casting: Sandblast
Confirm with . or Enter, or press ? or * to list all spells.
Aiming: Sandblast
Press: ? - help, Shift-Dir - straight line, f/p - p0werm0de's ghost
Aim: p0werm0de's ghost (severely damaged)
The blast of sand hits p0werm0de's ghost.
P0werm0de's ghost is severely damaged.
b - 79 stones P0werm0de's ghost misses you.
P0werm0de's ghost whispers, "There is no future for you."
P0werm0de's ghost says, "I don't need to breathe anymore, but you do!"
Found a stone staircase leading up.
Casting: Sandblast
Confirm with . or Enter, or press ? or * to list all spells.
Aiming: Sandblast
Press: ? - help, Shift-Dir - straight line, f/p - p0werm0de's ghost
Aim: p0werm0de's ghost (severely damaged)
The blast of sand hits p0werm0de's ghost.
P0werm0de's ghost is severely damaged.
b - 78 stones
Found an escape hatch in the floor.
Casting: Sandblast
Confirm with . or Enter, or press ? or * to list all spells.
Aiming: Sandblast
Press: ? - help, Shift-Dir - straight line, f/p - p0werm0de's ghost
Aim: p0werm0de's ghost (severely damaged)
The blast of sand hits p0werm0de's ghost.
P0werm0de's ghost is almost destroyed.
b - 77 stones P0werm0de's ghost keens inconsolably.
There is an escape hatch in the floor here.
P0werm0de's ghost says, "It doesn't matter if you kill me.
You'll still die."
You open the door.
Found a scroll labeled HIOQUFINIE and 13 gold pieces.
Found a ration.
There is an open door here.
An adder comes into view.
Found 6 gold pieces.
You see here a scroll labeled HIOQUFINIE.
f - a scroll labeled HIOQUFINIE
Casting: Sandblast
Confirm with . or Enter, or press ? or * to list all spells.
Aiming: Sandblast
Press: ? - help, Shift-Dir - straight line, f/p - p0werm0de's ghost
Aim: p0werm0de's ghost (almost destroyed)
The blast of sand hits p0werm0de's ghost.
P0werm0de's ghost is almost destroyed.
b - 76 stones P0werm0de's ghost screams, "Zot is a myth, the ORB is a fable, you'll soon be a tale!"
You pounce on the unaware helpless adder!
You mangle the adder!!
You kill the adder!
Casting: Sandblast
Confirm with . or Enter, or press ? or * to list all spells.
Aiming: Sandblast
Press: ? - help, Shift-Dir - straight line, f/p - p0werm0de's ghost
Aim: p0werm0de's ghost (almost destroyed)
The blast of sand hits p0werm0de's ghost.
P0werm0de's ghost is almost destroyed.
b - 75 stones You aren't carrying any potions.
Unknown command.
P0werm0de's ghost closely misses you. As you open the door, it creaks loudly!
There is an open door here.
You open the door.
P0werm0de's ghost shouts, "What do you have that I didn't have?"
P0werm0de's ghost hits you!
Ouch! That really hurt!
You die...

##'##.......#
##8.8####.##.#
##.....###.##.#
##8.....8##.##W#
##.........##.#.#
#8.........8#.#.#
+.....$..%..'.#.#
#8.........8#W#.######
##..$......##@#......#
##8.....8###'#......#
##.....##..........#
.##8.8##.<.........#
#.###+##............# #..#
.......#......# #.##
########......#
######..##########.#'#####
..........................


You could see p0werm0de's ghost.

Vanquished Creatures
  A bullfrog (D:6)
  A worker ant (D:6)
  2 adders (D:5)
  A worm (D:4)
  A dart slug (D:1)
  A leopard gecko (D:2)
  2 bats (D:1)
  A goblin (D:1)
  A hobgoblin (D:1)
  2 frilled lizards
  A kobold (D:1)
  3 rats
17 creatures vanquished.

Notes
Turn   | Place    | Note
-------+----------+-------------------------------------------
     0 | D:1      | tidbits the Felid Earth Elementalist began the quest for the Orb.
     0 | D:1      | Reached XP level 1. HP: 7/7 MP: 4/4
    64 | D:1      | Reached skill level 3 in Stealth
    85 | D:1      | Reached skill level 1 in Unarmed Combat
   109 | D:1      | Reached XP level 2. HP: 11/11 MP: 1/6
   113 | D:1      | Learned a level 2 spell: Passwall
   356 | D:5      | Entered Level 5 of the Dungeon
   432 | D:6      | Noticed a bullfrog
   442 | D:6      | Killed a bullfrog
   442 | D:6      | Reached skill level 4 in Stealth
   442 | D:6      | Reached skill level 2 in Unarmed Combat
   442 | D:6      | Reached XP level 3. HP: 14/14 MP: 4/7
   442 | D:6      | Reached XP level 4. HP: 18/18 MP: 4/8
   449 | D:6      | Reached skill level 5 in Stealth
   529 | D:5      | Reached skill level 3 in Unarmed Combat
   544 | D:5      | Slain by a worker ant
   545 | D:5      | Reached XP level 3. HP: -1/14 MP: 4/7
   578 | D:5      | Noticed p0werm0de's ghost (amateur HuVM)
   684 | D:5      | Slain by p0werm0de's ghost

Skill      XL: |  1  2  3  4 |
---------------+-------------+-----
Stealth        | 3 4 5 |  5.4
Unarmed Combat | 1 2 3 |  3.0
Dodging        | |  2.6
Spellcasting   | |  2.0
Transmutations | |  1.1
Earth Magic    | |  2.6

Action                   |  1- 3 |  4- 6 || total
-------------------------+-------+-------++-------
Melee: Unarmed           |     6 |     1 ||     7
       Bite              |     1 |       ||     1
 Cast: Sandblast         |    25 |     7 ||    32
Evoke: Wand              |       |     3 ||     3
  Use: Potion            |     1 |     1 ||     2
 Stab: Sleeping          |     5 |     1 ||     6
  Eat: Chunk             |     1 |     1 ||     2
Dodge: Dodged            |    12 |     7 ||    19

Table legend:
 A = Turns spent in this place as a percentage of turns spent in the entire game.
 B = Non-inter-level travel turns spent in this place as a percentage of non-inter-level travel turns spent in the entire game.
 C = Inter-level travel turns spent in this place as a percentage of turns spent in this place.
 D = Turns resting spent in this place as a percentage of non-inter-level travel turns spent in this place.
 E = Turns spent auto-exploring this place as a percentage of non-inter-level travel turns spent in this place.
 F = Non-inter-level travel turns spent in this place divided by the number of levels of this place that you've seen.
                   A       B       C       D       E      F
               +-------+-------+-------+-------+-------+----------------------
         Total | 100.0 | 100.0 |   0.0 |   0.0 |   0.0 | 114.0
       Dungeon | 100.0 | 100.0 |   0.0 |   0.0 |   0.0 | 114.0
               +-------+-------+-------+-------+-------+----------------------

Table legend:
 A = Kills in this place as a percentage of kills in entire the game.
 B = Kills by you in this place as a percentage of kills by you in the entire game.
 C = Kills by friends in this place as a percentage of kills by friends in the entire game.
 D = Other kills in this place as a percentage of other kills in the entire game.
 E = Experience gained in this place as a percentage of experience gained in the entire game.
 F = Experience gained in this place divided by the number of levels of this place that you have seen.
                   A       B       C       D       E      F
               +-------+-------+-------+-------+-------+----------------------
         Total | 100.0 | 100.0 |   N/A |   N/A | 100.0 |  29.2
       Dungeon | 100.0 | 100.0 |   N/A |   N/A | 100.0 |  29.2
               +-------+-------+-------+-------+-------+----------------------

Vault maps used:
D:1:      dpeg_arrival_ternary
D:2:      first_ration
D:3:      minmay_item_behind_shaft
D:5:      minmay_temple_entry_butterflies, dk_noncrumbling_4
